 Dungeon Crawl Stone Soup version 0.26.0-16-gc1dbca0489 (webtiles) character file.

Game seed: 1463112851732364658

125 vvl the Ruffian (level 4, -3/37 HPs)
             Began as a Draconian Transmuter on Jan 19, 2021.
             Killed by divine providence
             ... invoked by an orc priest
              (10 damage)
             ... on level 3 of the Dungeon.
             The game lasted 00:04:08 (2709 turns).

vvl the Ruffian (Draconian Transmuter)              Turns: 2709, Time: 00:04:10

Health: -3/37      AC:  5    Str: 14    XL:     4   Next: 82%
Magic:  6/7        EV: 12    Int: 13    God:
Gold:   115        SH:  0    Dex: 11    Spells: 6/7 levels left

rFire    . . .     SeeInvis .     - Unarmed
rCold    . . .     Faith    .   (no shield)
rNeg     . . .     Spirit   .   (armour unavailable)
rPois    .         Reflect  .   (helmet currently unavailable)
rElec    .         Harm     .   (no cloak)
rCorr    .         Rampage  .   (no gloves)
Will     .....                  (boots currently unavailable)
Stlth    +.........             (no amulet)
HPRegen  0.12/turn              (no ring)
MPRegen  0.10/turn              (no ring)

@: appendages
A: unfitting armour, horns 2, talons 2, cold-blooded, AC +5
a: End Transformation


You were on level 3 of the Dungeon.
You had grown temporary horns.
You had grown temporary talons.
You visited 1 branch of the dungeon, and saw 3 of its levels.

You collected 115 gold pieces.

Inventory:

Missiles
 k - 37 bolts
 l - 16 poisoned darts
Jewellery
 c - an uncursed ring of ice {unknown}
 f - an uncursed ring of magical power {unknown}
 o - an uncursed ring of fire
Scrolls
 a - 2 scrolls of magic mapping {unknown}
 d - a scroll of amnesia {unknown}
 e - 4 scrolls of identify {unknown}
 h - 2 scrolls of enchant armour {unknown}
 i - 3 scrolls of enchant weapon {unknown}
 j - a scroll of remove curse {unknown}
 n - 2 scrolls of teleportation {unknown}
Potions
 b - a potion of degeneration {unknown}
 g - a potion of heal wounds {unknown}
 m - 2 potions of mutation {unknown}


   Skills:
 + Level 2.3 Fighting
 - Level 1.7 Dodging
 * Level 4.2 Unarmed Combat
 - Level 2.0 Spellcasting
 * Level 3.5 Transmutations


You had 6 spell levels left.
You knew the following spells:

 Your Spells              Type           Power        Failure   Level
a - Beastly Appendage     Tmut           20%          6%          1

Your spell library contained the following spells:

 Spells                   Type           Power        Failure   Level
 Wereblood                Tmut           10%          9%          2
 Spider Form              Tmut/Pois      2%           36%         3
 Ice Form                 Ice/Tmut       5%           77%         4
 Blade Hands              Tmut           5%           86%         5


Dungeon Overview and Level Annotations

Branches:
Dungeon (3/15)

Altars:


Innate Abilities, Weirdness & Mutations

Your plain brown scales are hard. (AC +5)
You cannot fit into any form of body armour.
You are cold-blooded and may be slowed by cold attacks.
You have a pair of horns on your head.
You have razor-sharp toenails.


Message History

The orc priest is heavily wounded.
The orc barely misses you.
You hit the orc priest but do no damage.
Your kick misses the orc priest. You headbutt the orc priest.
You tail-slap the orc priest, but do no damage.
The orc priest is severely wounded.
The orc priest hits you but does no damage.
The orc barely misses you.
You barely miss the orc priest.
You headbutt the orc priest, but do no damage.
You tail-slap the orc priest.
The orc priest is severely wounded.
The orc priest barely misses you.
You hit the orc priest but do no damage.
The orc priest is severely wounded.
The orc hits you from afar with a +0 trident!
* * * LOW HITPOINT WARNING * * *
The orc priest mumbles some strange prayers to Beogh against you.
Beogh smites you!
You die... ## ##### #####.. ...# ...#. ##.## .og

#...###### #o#
#......... #@#
#...#####. #.#
##.## #. #.# #.#
#. #.# #.# #)
#.########.# #.
#..)..÷....######(
##########........
###### ####.###.
### ##≈≈≈≈## ###
#.# #.


You could see an orc priest, an orc and a goblin.

Vanquished Creatures
  Terence (D:2)
  3 adders
  An ooze (D:1)
  2 worms (D:2)
  A dart slug (D:2)
  6 leopard geckos
  4 orcs (D:3)
  6 bats
  2 giant cockroaches (D:3)
  3 goblins
  5 hobgoblins
  3 jackals (D:2)
  2 quokkas (D:2)
  A ball python (D:3)
  2 frilled lizards (D:2)
  9 kobolds
  2 rats (D:1)
53 creatures vanquished.

Notes
Turn   | Place    | Note
-------+----------+-------------------------------------------
     0 | D:1      | vvl the Draconian Transmuter began the quest for the Orb.
     0 | D:1      | Reached XP level 1. HP: 16/16 MP: 3/3
   123 | D:1      | Reached XP level 2. HP: 20/23 MP: 5/5
   940 | D:2      | Reached XP level 3. HP: 29/29 MP: 6/6
  1262 | D:2      | Noticed Terence
  1274 | D:2      | Killed Terence
  1363 | D:2      | Reached XP level 4. HP: 20/36 MP: 7/7
  2014 | D:2      | Reached skill level 4 in Unarmed Combat
  2709 | D:3      | Killed from afar by an orc priest

Illustrated notes

Levels and vault maps discovered:
D:1:      lemuel_arrival_room, layout_basic, minmay_pentomino_v4
D:2:      layout_basic, uniq_terence
D:3:      cheibrodos_helix_gallery, layout_loops_ring,
          nicolae_overflow_hidden_temple

Skill      XL: |  1  2  3  4 |
---------------+-------------+-----
Fighting       | 2 |  2.3
Transmutations | 3 |  3.5
Unarmed Combat | 4 |  4.2
Dodging        | |  1.7
Spellcasting   | |  2.0

Action                   |  1- 3 |  4- 6 || total
-------------------------+-------+-------++-------
Melee: Unarmed           |   111 |   105 ||   216
       Tailslap          |     8 |    11 ||    19
       Headbutt          |       |     2 ||     2
       Punch             |       |     2 ||     2
       Kick              |       |     1 ||     1
 Cast: Beastly Appendage |       |     1 ||     1
 Stab: Sleeping          |       |     1 ||     1
Armor: Skin              |    34 |    20 ||    54
Dodge: Dodged            |    79 |    50 ||   129
